 Dungeon Crawl Stone Soup version 0.30-a0-726-gd89dcf765f (webtiles) character file.

Game seed: 16824771452740052128

43 Darius099 the Conjurer (level 3, 0/24 HPs)
             Began as a Human Conjurer on Jan 30, 2023.
             Killed by divine providence
             ... invoked by an orc priest
              (11 damage)
             ... on level 3 of the Dungeon.
             The game lasted 00:08:04 (2248 turns).

Darius099 the Conjurer (Human Conjurer)             Turns: 2248, Time: 00:08:04

Health: 0/24       AC:  4    Str:  7    XL:     3   Next: 82%
Magic:  1/7        EV: 12    Int: 20    God:
Gold:   120        SH:  0    Dex: 11    Spells: 1/7 levels left

rFire   . . .      SeeInvis .    i - +0 hand axe
rCold   . . .      Faith    .    (no shield)
rNeg    . . .      Spirit   .    a - +0 robe
rPois   .          Reflect  .    n - +0 hat
rElec   .          Harm     .    e - +0 cloak
rCorr   .          Rampage  .    (no gloves)
Will    .....                    p - +0 pair of boots
Stlth   ++                       (no amulet)
HPRegen 0.24/turn                (no ring)
MPRegen 0.10/turn                (no ring)

@: no status effects
A: no striking features
a: no special abilities


You were on level 3 of the Dungeon.
You visited 1 branch of the dungeon, and saw 3 of its levels.

You collected 120 gold pieces.

Inventory:

Hand Weapons
 i - a +0 hand axe (weapon)
Armour
 a - a +0 robe (worn)
 e - a +0 cloak (worn)
 n - a +0 hat (worn)
 p - a +0 pair of boots (worn)
Magical Staves
 m - a staff of cold
Scrolls
 g - a scroll of amnesia {unknown}
 h - a scroll of immolation {unknown}
 j - a scroll of enchant armour {unknown}
 k - a scroll of magic mapping {unknown}
 o - a scroll of poison {unknown}
Potions
 b - a potion of magic
 c - a potion of attraction {unknown}
 d - 2 potions of curing {unknown}
 f - a potion of degeneration {unknown}
 l - a potion of lignification {unknown}


   Skills:
 - Level 2.1 Dodging
 - Level 2.1 Stealth
 + Level 2.7 Spellcasting
 + Level 4.5 Conjurations


You had one spell level left.
You knew the following spells:

 Your Spells              Type           Power      Damage    Failure   Level
a - Magic Dart            Conj           84%        1d7       2%          1
b - Searing Ray           Conj           42%        2d6       3%          2
c - Dazzling Flash        Conj/Hex       22%        N/A       17%         3

Your spell library contained the following spells:

 Spells                   Type           Power      Damage    Failure   Level
 Freeze                   Ice            8%         1d3       14%         1
 Hailstorm                Conj/Ice       11%        3d5       17%         3
 Frozen Ramparts          Ice            4%         1d1       41%         3
 Fulminant Prism          Conj/Hex       5%         3d7       50%         4
 Iskenderun's Mystic Bla  Conj/Tloc      11%        2d4       50%         4


Dungeon Overview and Level Annotations

Branches:
Dungeon (3/15)

Altars:


Message History

The magic dart hits the orc.
The orc is almost dead.
An orc comes into view. It is wielding a +0 flail.
Casting: Magic Dart (safe; 2% risk of failure)
Confirm with . or Enter, or press ? or * to list all spells.
Aiming: Magic Dart (safe; 2% risk of failure)
Press: ? - help, Shift-Dir - straight line, f/p - orc
Aim: an orc, wielding a +2 dagger of venom and wearing a +0 scale mail (almost dead, 100% to hit)
The magic dart hits the orc but does no damage.
The orc is almost dead.
An orc comes into view. It is wielding a +0 hand axe.
Casting: Magic Dart (safe; 2% risk of failure)
Confirm with . or Enter, or press ? or * to list all spells.
Aiming: Magic Dart (safe; 2% risk of failure)
Press: ? - help, Shift-Dir - straight line, f/p - orc
Aim: an orc, wielding a +2 dagger of venom and wearing a +0 scale mail (almost dead, 100% to hit)
The magic dart hits the orc.
You kill the orc!
The orc shouts!
The orc priest invokes the aid of Beogh against you.
Beogh smites you!
Casting: Magic Dart (safe; 2% risk of failure)
Confirm with . or Enter, or press ? or * to list all spells.
Aiming: Magic Dart (safe; 2% risk of failure)
Press: ? - help, Shift-Dir - straight line, f - orc priest
Aim: an orc priest, wielding a +0 dagger and wearing a +0 ring mail (100% to hit)
The magic dart hits the orc priest but does no damage.
An orc comes into view. It is wielding a +0 dagger.
Casting: Magic Dart (safe; 2% risk of failure)
Confirm with . or Enter, or press ? or * to list all spells.
Aiming: Magic Dart (safe; 2% risk of failure)
Press: ? - help, Shift-Dir - straight line, f/p - orc priest
Aim: an orc priest, wielding a +0 dagger and wearing a +0 ring mail (100% to hit)
The magic dart hits the orc priest but does no damage.
The orc shouts!
The orc priest mumbles some strange prayers to Beogh against you.
Pain shoots through your body!
The orc priest invokes the aid of Beogh against you.
Beogh smites you!
You die...

#.# #.# #.#
#.# #.# #.#
#.# #.# #.#
#.# #.# #.#
#.# #.#
###.#######.##
#.ooo....@...#
#.#.##########
#.#.# #.#.#
#o#.# #o#.#
#o#.# #.#.#
#.#.#


You could see an orc priest and 2 orcs.

Vanquished Creatures
  A worm (D:2)
  A dart slug (D:1)
  An orc (D:3)
  2 bats
  An endoplasm (D:1)
  A giant cockroach (D:1)
  4 goblins
  2 hobgoblins (D:1)
  4 jackals (D:2)
  A quokka (D:1)
  6 ball pythons
  5 frilled lizards
  3 kobolds
  6 rats
38 creatures vanquished.

Notes
Turn   | Place    | Note
-------+----------+-------------------------------------------
     0 | D:1      | Darius099 the Human Conjurer began the quest for the Orb.
     0 | D:1      | Reached XP level 1. HP: 13/13 MP: 3/3
   267 | D:1      | Reached XP level 2. HP: 19/19 MP: 0/5
   768 | D:1      | Reached XP level 3. HP: 24/24 MP: 2/6
   782 | D:1      | Learned a level 2 spell: Searing Ray
  1519 | D:2      | Learned a level 3 spell: Dazzling Flash
  2248 | D:3      | Killed from afar by an orc priest

Illustrated notes

Levels and vault maps discovered:
D:1:      minmay_arrival_plants_in_alcoves, layout_loops_ring,
          grunt_decor_resistance
D:2:      layout_loops_ring, minivault_24, minmay_misc_feat_rugged
D:3:      layout_basic

Action                     || total
---------------------------++-------
  Melee: Unarmed           ||     5
         Hand axe          ||    11
   Cast: Magic Dart        ||    71
         Searing Ray       ||     4
 Armour: Robe              ||    13
  Dodge: Dodged            ||    32

Table legend: (Time is in decaauts)
 A = Elapsed time spent in this place.
 B = Non-inter-level travel time spent in this place.
 C = Inter-level travel time spent in this place.
 D = Time resting spent in this place.
 E = Time spent auto-exploring this place.
 F = Levels seen in this place.
 G = Mean time per level.
                   A        B        C        D        E       F      G
               +--------+--------+--------+--------+--------+-----+--------+
         Total |   2251 |   2117 |    134 |    212 |   1267 |   3 |  750.3 |
       Dungeon |   2251 |   2117 |    134 |    212 |   1267 |   3 |  750.3 |
               +--------+--------+--------+--------+--------+-----+--------+

Top non-repeatable levels by time:
     D:1: 1274 daAuts
     D:2: 828 daAuts
     D:3: 148 daAuts
